 Dungeon Crawl Stone Soup version 0.31-a0-479-g91c9547826 (webtiles) character file.

Game seed: 9182655914677879007

56 Ethylacetat the Chopper (level 3, 0/20 HPs)
             Began as a Vine Stalker Monk on Aug 7, 2023.
             Succumbed to Sigmund's poison
             ... on level 2 of the Dungeon.
             The game lasted 00:01:27 (941 turns).

Ethylacetat the Chopper (Vine Stalker Monk)          Turns: 941, Time: 00:01:28

Health: 0/20       AC:  2    Str: 15    XL:     3   Next: 95%
Magic:  5/6        EV: 12    Int: 10    God:
Gold:   34         SH:  0    Dex: 16    Spells: 5/5 levels left

rFire   . . .        a - +0 hand axe
rCold   . . .        d - orb {light}
rNeg    . . .        b - +0 robe
rPois   .            (no helmet)
rElec   .            (no cloak)
rCorr   .            (no gloves)
SInv    .            (no boots)
Will    .....        (no amulet)
Stlth   +            (no ring)
HPRegen 0.23/turn    (no ring)
MPRegen 0.10/turn

%: guardian spirit
@: confused, lethally poisoned (0 -> -2), ambrosia-drunk, glowing
A: fangs 2, magic shield, antimagic bite, no potion heal 2
a: no special abilities


You were on level 2 of the Dungeon.
You visited 1 branch of the dungeon, and saw 2 of its levels.

You collected 34 gold pieces.

Inventory:

Hand Weapons
 a - a +0 hand axe (weapon)
Armour
 b - a +0 robe (worn)
 d - an orb of light (worn)
Scrolls
 e - 2 scrolls of enchant weapon {unknown}


   Skills:
 + Level 3.1 Fighting
 * Level 3.5 Axes
 - Level 2.4 Dodging
 + Level 1.5 Spellcasting


You had 5 spell levels left.
You didn't know any spells.
Your spell library contained the following spells:

 Spells                   Type           Power      Damage    Failure   Level
 Apportation              Tloc           0%         N/A       32%         1
 Necrotise                Necr           0%         1d4       32%         1
 Summon Small Mammal      Summ           0%         N/A       32%         1


Dungeon Overview and Level Annotations

Branches:
Dungeon (2/15)

Altars:

Annotations:
D:2 Sigmund


Innate Abilities, Weirdness & Mutations

You have extremely sharp teeth.
When hurt, damage is shared between your health and your magic reserves.
Your bite disrupts and absorbs the magic of your enemies.
Potions cannot restore your health.


Message History

Found 6 stones, a glowing mace and a runed orb.
Found an escape hatch in the floor.
Found a stone staircase leading up.
There is a stone staircase leading up here.
Sigmund the Dreaded comes into view.
He is wielding a +1 scythe of venom.
Found an escape hatch in the ceiling.
Sigmund shouts!
You see here a +1 mace of protection.
Sigmund closely misses you.
You hit Sigmund.
Sigmund is lightly wounded.
You barely miss Sigmund. You bite Sigmund.
Sigmund's magic leaks into the air.
You drain his magic.
Sigmund is moderately wounded.
Sigmund barely misses you.
You hit Sigmund but do no damage.
Sigmund is moderately wounded.
Sigmund hits you with a +1 scythe of venom.
You are poisoned.
You slash Sigmund!
Sigmund is heavily wounded.
You feel sick.
You hit Sigmund but do no damage. You bite Sigmund.
Sigmund's magic leaks into the air.
You drain his magic.
You feel invigorated.
Sigmund is heavily wounded.
You feel sick.
Sigmund hits you with a +1 scythe of venom!
Unknown command.
Okay, then.
You hit Sigmund.
Sigmund is severely wounded.
You feel sick.
Sigmund falters for a moment.
You completely miss Sigmund. You bite Sigmund, but do no damage.
Sigmund is severely wounded.
You feel sick. Sigmund casts a spell at you. The magic dart hits you.
* * * LOW HITPOINT WARNING * * *
You are confused.
Your system rejects the healing.
You feel invigorated.
You die...

.......# ......#
......# #.....#
#.....# # #.....#
#.####..@..#...
..#......@<.....#
.......)#######.#...
..#..(......<.......
#.###.####.##..#..
.. #.# ..>. # .# #.#
##.#... #.# ..<...#
#.# ... ..# #.#
##..#.#


You could see Sigmund (magic disrupted).

Vanquished Creatures
  A gnoll (D:1)
  3 dart slugs (D:1)
  2 ball pythons (D:1)
  4 endoplasms (D:1)
  2 giant cockroaches (D:1)
  3 goblins (D:1)
  2 hobgoblins (D:1)
  8 kobolds (D:1)
  3 quokkas (D:1)
  3 bats (D:1)
  A frilled lizard (D:1)
  3 rats (D:1)
35 creatures vanquished.

Notes
Turn   | Place    | Note
-------+----------+-------------------------------------------
     0 | D:1      | Ethylacetat the Vine Stalker Monk began the quest for the
                  | Orb.
     0 | D:1      | Reached XP level 1. HP: 11/11 MP: 2/2
   137 | D:1      | Reached XP level 2. HP: 14/16 MP: 1/3
   314 | D:1      | Reached skill level 1 in Spellcasting
   321 | D:1      | Reached XP level 3. HP: 16/20 MP: 2/5
   931 | D:2      | Noticed Sigmund
   940 | D:2      | HP: 1/20 [Sigmund/magic dart (5)]
   941 | D:2      | Succumbed to Sigmund's poison

Illustrated notes

Levels and vault maps discovered:
D:1:      dpeg_arrival_simpleton_c, layout_basic, serial_park_tiny_pond,
          grunt_decor_clamped, skrybe_limestone_x
D:2:      layout_basic, uniq_sigmund

Skill      XL: |  1  2 |
---------------+-------+-----
Axes           | 3 |  3.5
Fighting       | 3 |  3.1
Spellcasting   | 1 |  1.5
Dodging        | |  2.4

Action                     || total
---------------------------++-------
  Melee: Hand axe          ||    78
         Bite              ||    23
    Use: Potion            ||     1
 Armour: Robe              ||    16
  Dodge: Dodged            ||    52

Table legend: (Time is in decaauts)
 A = Elapsed time spent in this place.
 B = Non-inter-level travel time spent in this place.
 C = Inter-level travel time spent in this place.
 D = Time resting spent in this place.
 E = Time spent auto-exploring this place.
 F = Levels seen in this place.
 G = Mean time per level.
                   A        B        C        D        E       F      G
               +--------+--------+--------+--------+--------+-----+--------+
         Total |    951 |    927 |     24 |      0 |    754 |   2 |  475.5 |
       Dungeon |    951 |    927 |     24 |      0 |    754 |   2 |  475.5 |
               +--------+--------+--------+--------+--------+-----+--------+

Top non-repeatable levels by time:
     D:1: 936 daAuts
     D:2: 15 daAuts
